 Dungeon Crawl Stone Soup version 0.31-a0-441-g867994ef1c (webtiles) character file.

Game seed: 9960852821521753909

275 jlumianski the Magician (level 6, -28/41 HPs)
             Began as a Djinni Fire Elementalist on Aug 2, 2023.
             Annihilated by an ogre
             ... wielding a +0 giant spiked club
              (34 damage)
             ... on level 6 of the Dungeon.
             The game lasted 00:17:43 (2997 turns).

jlumianski the Magician (Djinni Fire Elementalist)  Turns: 2997, Time: 00:17:44

Health: -28/41     AC:  3    Str:  7      XL:     6   Next: 50%
Gold:   243        EV: 14    Int: 17 (18) God:
                   SH:  0    Dex: 20

rFire   + + .        h - +1 quarterstaff
rCold   x . .        (shield currently unavailable)
rNeg    . . .        a - +0 robe
rPois   ∞            (no helmet)
rElec   .            (no cloak)
rCorr   .            n - +0 pair of gloves
SInv    +            (boots unavailable)
Will    .....        (no amulet)
Stlth   +++          e - +6 ring of dexterity
HPRegen 0.26/turn    y - ring of see invisible
MPRegen 0.00/turn

%: infuse magic (-29 HP)
@: flying, very slightly contaminated
A: sickness immunity, fire resistance 2, cold vulnerability 1, float, innate
caster, HP casting, extra vitality 1
a: no special abilities


You were on level 6 of the Dungeon.
You visited 1 branch of the dungeon, and saw 6 of its levels.

You collected 243 gold pieces.

Inventory:

Hand Weapons
 b - a +0 hand axe
 h - a +1 quarterstaff (weapon)
 p - a +0 dagger
 w - a +0 short sword
Missiles
 c - 8 poisoned darts
 d - a throwing net
 B - 5 boomerangs
Armour
 a - a +0 robe (worn)
 k - a +0 leather armour
 n - a +0 pair of gloves (worn)
 C - a +0 pair of boots
Jewellery
 e - a +6 ring of dexterity (left hand)
 y - a ring of see invisible (right hand)
Scrolls
 f - a scroll of noise
 i - a scroll of amnesia
 q - 4 scrolls of teleportation
 t - a scroll of enchant weapon
 z - a scroll of enchant armour {unknown}
 A - 2 scrolls of blinking {unknown}
Potions
 g - a potion of cancellation
 j - a potion of ambrosia
 l - 2 potions of degeneration
 m - a potion of brilliance
 o - a potion of heal wounds
 s - a potion of curing
 v - a potion of attraction {unknown}
 x - a potion of might {unknown}


   Skills:
 + Level 0.7 Fighting
 + Level 1.9 Staves
 + Level 3.3 Dodging
 + Level 3.2 Stealth
 * Level 4.0 Spellcasting
 * Level 4.0 Conjurations
 * Level 4.0 Hexes
 * Level 4.0 Summonings
 * Level 4.0 Necromancy
 * Level 4.0 Translocations
 * Level 4.0 Transmutations
 * Level 4.0 Fire Magic
 * Level 4.0 Ice Magic
 * Level 4.0 Air Magic
 * Level 4.0 Earth Magic
 * Level 4.0 Poison Magic


You knew the following spells:

 Your Spells              Type           Power      Damage    Failure   Level
a - Foxfire               Conj/Fire      68%        2x1d7     3%          1
b - Scorch                Fire           34%        2d6       4%          2
c - Volatile Blastmotes   Fire/Tloc      34%        2d12      9%          3
d - Inner Flame           Hex/Fire       17%        N/A       9%          3
e - Flame Wave            Conj/Fire      17%        2d7       28%         4
f - Kiss of Death         Conj/Necr      68%        2d10      3%          1
g - Lesser Beckoning      Tloc           34%        N/A       4%          2
Your spell library was empty.

Dungeon Overview and Level Annotations

Branches:
Dungeon (6/15)
 Temple: D:4-7

Altars:
Elyvilon
Xom

Annotations:
D:3 2 transporters, MrSquiggles's ghost, amateur TeFE


Innate Abilities, Weirdness & Mutations

You are immune to sickness and miasma.
You are immune to poison.
Your flesh is very heat resistant. (rF++)
You are vulnerable to cold. (rC-)
You float through the air rather than walking.
You learn spells naturally, not from books.
Your magical power is your life essence.
You have superior vitality. (+4 MHP)


Message History

As you read the scroll labelled AKHAOFE ICERO, it dissolves into smoke.
It was a scroll of fog.
As you read the scroll labelled VUL GUOXTAWK, it crumbles to dust.
You feel aware of your surroundings.
You sensed 3 altars, and 1 shop/portal.
It was a scroll of revelation.
An ogre comes into view. It is wielding a +0 giant spiked club.
Found 17 gold pieces.
Casting: Foxfire (safe; 3% risk of failure)
Confirm with . or Enter, or press ? or * to list all spells.
Okay, then.
Casting: Foxfire (safe; 3% risk of failure)
Confirm with . or Enter, or press ? or * to list all spells.
You miscast Volatile Blastmotes.
You are very lightly contaminated with residual magic.
Nothing appears to happen.
Casting: Volatile Blastmotes (dangerous; 9% risk of failure)
Confirm with . or Enter, or press ? or * to list all spells.
A cloud of volatile blastmotes flares up around you!
The cloud of blastmotes explodes!
The concussive blast engulfs the ogre!
The ogre is heavily wounded.
The concussive blast engulfs you. You resist.
You are knocked back by the blast.
You hear a howl!
Casting: Volatile Blastmotes (dangerous; 9% risk of failure)
Confirm with . or Enter, or press ? or * to list all spells.
Flames lash the ogre.
The ogre is severely wounded.
The ogre's fire resistance burns away.
The ogre attacks as you move away!
The ogre hits you with a +0 giant spiked club!!
Ouch! That really hurt!
* * * LOW HITPOINT WARNING * * *
Casting: Scorch (safe; 4% risk of failure)
Confirm with . or Enter, or press ? or * to list all spells.
You conjure some foxfire!
* * * LOW HITPOINT WARNING * * *
The ogre attacks as you move away!
The ogre hits you with a +0 giant spiked club!!
Ouch! That really hurt!
You die...

#####......#####<******
#####.##..§..###,,,,,,,
#####.###§§#####,*****,
#####.##§§§§####,* *,
##.....§§§§§§###** *,
##.#..##§###..##******,
##.#...§.####...,,,,,,,
##.....#########******,
####^v@O...##### **
####.v####.##### *
####..####.##### *****
#####.####.#### *,,,,
#.# #.+*******+*** #.#
###,,,*,,,** * #.#
*,∩,*,>,* #$#
*,,,*,,,**** *,*
**********,,


You could see an ogre (combustible, ally target).

Vanquished Creatures
  A black bear (D:6)
  2 jellies (D:3)
  An iguana (D:4)
  4 adders
  2 worms
  2 dart slugs
  4 orcs (D:3)
  3 ball pythons (D:2)
  4 bats
  6 endoplasms
  2 giant cockroaches
  6 goblins
  5 hobgoblins
  2 jackals (D:2)
  A quokka (D:2)
  5 kobolds
  3 rats
53 creatures vanquished.

Vanquished Creatures (others)
  139 foxfires
139 creatures vanquished.

Grand Total: 192 creatures vanquished

Notes
Turn   | Place    | Note
-------+----------+-------------------------------------------
     0 | D:1      | jlumianski the Djinni Fire Elementalist began the quest for
                  | the Orb.
     0 | D:1      | jlumianski set off with the following spells memorised:
                  | Foxfire, Scorch, Volatile Blastmotes, Inner Flame, Flame
                  | Wave.
     0 | D:1      | Reached XP level 1. HP: 15/15 MP: 0/0
   183 | D:2      | Reached XP level 2. HP: 21/21 MP: 0/0
   218 | D:1      | Found a faded altar of an unknown god.
   540 | D:1      | Reached XP level 3. HP: 18/25 MP: 0/0
   540 | D:1      | Learned a level 1 spell: Kiss of Death
   892 | D:2      | Reached XP level 4. HP: 29/31 MP: 0/0
  1435 | D:3      | Found a white marble altar of Elyvilon.
  1535 | D:5      | Entered Level 5 of the Dungeon
  1616 | D:3      | Reached skill level 1 in Staves
  1696 | D:3      | Found a shimmering altar of Xom.
  1758 | D:3      | Reached XP level 5. HP: 6/35 MP: 0/0
  1758 | D:3      | Learned a level 2 spell: Lesser Beckoning
  2063 | D:3      | Found a transporter.
  2065 | D:3      | Noticed MrSquiggles's ghost (amateur TeFE)
  2151 | D:3      | Found a transporter.
  2574 | D:4      | Reached XP level 6. HP: 38/41 MP: 0/0
  2854 | D:6      | Noticed a black bear
  2862 | D:6      | Killed a black bear
  2977 | D:6      | Noticed an ogre
  2997 | D:6      | Annihilated by an ogre

Illustrated notes

Levels and vault maps discovered:
D:1:      matt_arrival_los_fun, layout_rooms, hellmonk_ecumenical_altar_blasted,
          chequers_serial_rivers_large_b, minmay_misc_feat_secret_circle,
          serial_bayou_lagoon_a, chequers_decorated_corner
D:2:      layout_rooms, basic_altar
D:3:      layout_basic, lemuel_crystal_altar, dk_xom_monty_hall,
          gammafunk_ghost_mausoleum, chequers_serial_rivers_micro_b
D:4:      layout_cave_pools, nicolae_eternal_life
D:5:      layout_basic, minmay_temple_entry_ruins, water_maze_lemuel,
          uniq_crazy_yiuf_cottage, uniq_sigmund
D:6:      layout_basic, nicolae_overflow_hidden_temple,
          nicolae_ossuary_entry_false_entrances

Skill      XL: |  1  2  3  4  5  6 |
---------------+-------------------+-----
Spellcasting   | 4 |  4.0
Conjurations   | 4 |  4.0
Hexes          | 4 |  4.0
Summonings     | 4 |  4.0
Necromancy     | 4 |  4.0
Translocations | 4 |  4.0
Transmutations | 4 |  4.0
Fire Magic     | 4 |  4.0
Ice Magic      | 4 |  4.0
Air Magic      | 4 |  4.0
Earth Magic    | 4 |  4.0
Poison Magic   | 4 |  4.0
Stealth        | 2 3 |  3.2
Dodging        | 3 |  3.3
Staves         | 1 |  1.9
Fighting       | |  0.7

Action                     |  1- 3 |  4- 6 || total
---------------------------+-------+-------++-------
  Melee: Hand axe          |     2 |       ||     2
         Quarterstaff      |    14 |    13 ||    27
   Cast: Foxfire           |    31 |    48 ||    79
         Scorch            |     2 |     5 ||     7
         Volatile Blastmot |       |     1 ||     1
    Use: Scroll            |       |    10 ||    10
         Potion            |       |     2 ||     2
   Stab: Sleeping          |     2 |       ||     2
 Armour: Robe              |     6 |     2 ||     8
  Dodge: Dodged            |    10 |    19 ||    29

Table legend: (Time is in decaauts)
 A = Elapsed time spent in this place.
 B = Non-inter-level travel time spent in this place.
 C = Inter-level travel time spent in this place.
 D = Time resting spent in this place.
 E = Time spent auto-exploring this place.
 F = Levels seen in this place.
 G = Mean time per level.
                   A        B        C        D        E       F      G
               +--------+--------+--------+--------+--------+-----+--------+
         Total |   3009 |   2871 |    138 |    349 |   1289 |   6 |  501.5 |
       Dungeon |   3009 |   2871 |    138 |    349 |   1289 |   6 |  501.5 |
               +--------+--------+--------+--------+--------+-----+--------+

Top non-repeatable levels by time:
     D:3: 999 daAuts
     D:1: 719 daAuts
     D:4: 562 daAuts
     D:2: 549 daAuts
     D:5: 146 daAuts
     D:6: 32 daAuts
